[Event "Titled Tuesday Blitz June 28 Late 2022"]
[White "Ozates, Tuna"]
[Black "Arnold, Ken"]
[WhiteFideId "6354521"]
[BlackFideId "2056836"]
[WhiteElo "1887"]
[BlackElo "2274"]
[Result "1-0"]
[Round "06"]
[TimeControl "180+1"]
[Date "2022.06.29"]
[WhiteClock "0:00:08"]
[BlackClock "0:00:01"]

1. c4 Nf6 2. Nc3 e6 3. d4 Bb4 4. e3 b6 5. Ne2 Bb7 6. a3 Be7 7. f3 c5 8. d5 d6 9. e4 O-O 10. Nf4 exd5 11. Nfxd5 Nc6 12. Bd3 Nd4 13. O-O Nxd5 14. exd5 Bf6 15. Ne4 g6 16. Rb1 Re8 17. Bf4 Be5 18. Qd2 Nb3 19. Qd1 Bxf4 20. Qxb3 f5 21. Nc3 Re3 22. Qc2 Qg5 23. Rbe1 Rae8 24. Rxe3 Bxe3+ 25. Kh1 Bd4 26. Nb5 Qf6 27. b4 a6 28. Nxd4 Qxd4 29. Rd1 Qe3 30. bxc5 bxc5 31. h3 Bc8 32. Qb2 f4 33. Qf6 Bxh3 34. Qxd6 Qf2 35. Bf1 Bf5 36. Qxf4 Re1 37. Qb8+ Kg7 38. Rxe1 Qxe1 39. Qb2+ Kh6 40. Qe2 Qh4+ 41. Kg1 Qd4+ 42. Qf2 Qa1 43. Qxc5 Kg5 44. Qe3+ Kf6 45. d6 Qe5 46. Qxe5+ Kxe5 47. c5 Kd5 48. Bxa6 Kxc5 49. Bd3 Bd7 50. Kf2 Kxd6 51. Ke3 Ke5 52. Be4 Be8 53. f4+ 1-0


[Site "https://www.chess.com"]

[Event "Titled Tuesday Blitz June 28 Late 2022"]
[White "Pakleza, Zbigniew"]
[Black "Andreikin, Dmitry"]
[WhiteFideId "1119290"]
[BlackFideId "4158814"]
[WhiteElo "2467"]
[BlackElo "2736"]
[Result "1/2-1/2"]
[Round "06"]
[TimeControl "180+1"]
[Date "2022.06.28"]
[WhiteClock "0:00:18"]
[BlackClock "0:00:12"]

1. d4 d5 2. Bf4 Nf6 3. e3 c5 4. c3 Nc6 5. Nd2 g6 6. Ngf3 Bg7 7. Be2 O-O 8. O-O Nh5 9. Bg5 h6 10. Bh4 g5 11. Bg3 Nxg3 12. hxg3 Qb6 13. Qb3 Rd8 14. Rfd1 Bf5 15. Rac1 e6 16. dxc5 Qxc5 17. Nd4 Nxd4 18. cxd4 Qb6 19. Qxb6 axb6 20. a3 Rdc8 21. Nf3 Bc2 22. Rf1 Kf8 23. Ne1 Bb3 24. Nd3 Ke7 25. f4 f5 26. Rxc8 Rxc8 27. Rc1 Rc6 28. Kf2 Kd6 29. Ke1 g4 30. Kd2 Ba4 31. Ne5 Rxc1 32. Kxc1 Be8 33. Kd2 h5 34. Bd3 Bf6 35. Ke2 h4 36. gxh4 Bxh4 37. Kd2 Kc7 38. Ke2 Ba4 39. Kd2 Bf2 40. Ke2 Bg3 41. Kd2 Bh4 42. b4 Be8 43. Ke2 Bg3 44. Kd2 Bf2 45. Ke2 g3 46. Kd2 Kd6 47. Be2 Ke7 48. Bd3 Bh5 49. Be2 Be8 50. Bd3 Ba4 51. Be2 Be8 1/2-1/2


[Site "https://www.chess.com"]

[Event "Titled Tuesday Blitz June 28 Late 2022"]
[White "Papp, Levente"]
[Black "Khismatullin, Denis"]
[WhiteFideId "751243"]
[BlackFideId "4142578"]
[WhiteElo "2308"]
[BlackElo "2543"]
[Result "0-1"]
[Round "06"]
[TimeControl "180+1"]
[Date "2022.06.28"]
[WhiteClock "0:01:26"]
[BlackClock "0:02:22"]

1. c4 c5 2. Nc3 g6 3. e3 Bg7 4. d4 cxd4 5. exd4 Nf6 6. Nf3 O-O 7. Bg5 d5 8. Bxf6 exf6 9. Nxd5 Bg4 10. Be2 Nc6 11. O-O f5 12. Ne3 Bxf3 13. Bxf3 Nxd4 14. Bd5 Rc8 15. Rb1 f4 16. Nc2 Nxc2 0-1


[Site "https://www.chess.com"]

[Event "Titled Tuesday Blitz June 28 Late 2022"]
[White "Paravyan, David"]
[Black "Bayo Milagro, Alvaro"]
[WhiteFideId "4194985"]
[BlackFideId "22275240"]
[WhiteElo "2569"]
[BlackElo "2270"]
[Result "1-0"]
[Round "06"]
[TimeControl "180+1"]
[Date "2022.06.28"]
[WhiteClock "0:01:22"]
[BlackClock "0:00:07"]

1. e4 e5 2. Nf3 Nc6 3. Nc3 Nf6 4. d4 exd4 5. Nxd4 Bb4 6. Nxc6 bxc6 7. Bd3 O-O 8. O-O d5 9. exd5 cxd5 10. Bg5 c6 11. Qf3 Bd6 12. Rae1 Rb8 13. Nd1 h6 14. Bxf6 Qxf6 15. Qxf6 gxf6 16. b3 f5 17. Ne3 f4 18. Nf5 Bxf5 19. Bxf5 Rbd8 20. Rd1 Kg7 21. Rd3 Kf6 22. Bg4 Bb4 23. Rfd1 Rfe8 24. Kf1 d4 25. Rh3 Kg5 26. Bf3 d3 27. cxd3 Rxd3 28. Rc1 Rc3 29. Rxc3 Bxc3 30. Be2 Bd4 31. Rh5+ Kg6 32. Bf3 Bc3 33. g3 fxg3 34. hxg3 Bd4 35. Ra5 Bb6 36. Ra4 Rd8 37. Rg4+ Kf6 38. Rf4+ Kg7 39. Bxc6 Rd1+ 40. Ke2 Rc1 41. Bd5 Rc2+ 42. Kf1 Rxa2 43. Rxf7+ Kg6 44. Rf4 Rd2 45. Be4+ Kg7 46. Rg4+ Kf6 47. Rf4+ Kg7 48. Kg2 Rd4 49. Rg4+ Kf6 50. f3 Rd2+ 51. Kh3 Bg1 52. Rg6+ Kf7 53. Kg4 Rh2 54. Rc6 h5+ 55. Kf5 Rb2 56. Rc7+ Ke8 57. Ke6 Kd8 58. Rd7+ Kc8 59. Bb7+ Kb8 60. Ba6 Rxb3 61. Rd8+ Kc7 62. Rc8+ Kb6 63. Rb8+ Kxa6 64. Rxb3 Bf2 65. f4 1-0


[Site "https://www.chess.com"]

[Event "Titled Tuesday Blitz June 28 Late 2022"]
[White "Paszewski, Mateusz"]
[Black "Jessel, Stephen"]
[WhiteFideId "1141058"]
[BlackFideId "628859"]
[WhiteElo "2171"]
[BlackElo "2268"]
[Result "0-1"]
[Round "06"]
[TimeControl "180+1"]
[Date "2022.06.28"]
[WhiteClock "0:00:05"]
[BlackClock "0:00:03"]

1. Nf3 d5 2. e3 Nf6 3. c4 e6 4. Nc3 Be7 5. b3 O-O 6. Bb2 c5 7. cxd5 exd5 8. d4 Nc6 9. Be2 Bg4 10. dxc5 Bxc5 11. O-O Rc8 12. Rc1 Bd6 13. Nb5 Bb8 14. Nbd4 Qd6 15. g3 Bh3 16. Re1 Ne4 17. Nxc6 bxc6 18. Nd2 Ng5 19. Nf3 Ne4 20. Nd2 Ng5 21. Bg4 f5 22. Bxh3 Nxh3+ 23. Kg2 Ng5 24. h4 Ne4 25. Nxe4 fxe4 26. Qg4 Rc7 27. Red1 Rcf7 28. Rd2 h5 29. Qh3 Qg6 30. Bd4 Rf5 31. b4 Qf7 32. Rcc2 Kh7 33. Kg1 Rf3 34. Qg2 Qg6 35. Kh2 Qg4 36. Qh3 Qg6 37. Kg2 R8f5 38. a4 Qf7 39. b5 cxb5 40. axb5 Qg6 41. Kh2 Qf7 42. Qg2 Qg6 43. Qh3 Qf7 44. Qg2 Qg6 45. Rc6 Qg4 46. Rc8 Qxh4+ 47. Kg1 Bxg3 0-1


[Site "https://www.chess.com"]

[Event "Titled Tuesday Blitz June 28 Late 2022"]
[White "Perske, Thore"]
[Black "Glavina, Pablo"]
[WhiteFideId "12902195"]
[BlackFideId "100234"]
[WhiteElo "2315"]
[BlackElo "2369"]
[Result "1/2-1/2"]
[Round "06"]
[TimeControl "180+1"]
[Date "2022.06.29"]
[WhiteClock "0:00:03"]
[BlackClock "0:00:09"]

1. e4 Nf6 2. Nc3 d5 3. e5 d4 4. exf6 dxc3 5. fxg7 cxd2+ 6. Qxd2 Qxd2+ 7. Bxd2 Bxg7 8. O-O-O Nc6 9. Ne2 Bd7 10. Nf4 O-O-O 11. Bc4 Ne5 12. Bb3 Ng4 13. Rde1 e6 14. f3 Nf6 15. Nd3 Be8 16. Bc3 Rg8 17. Rd1 Bh6+ 18. Kb1 Nd5 19. Bxd5 Rxd5 20. g3 Bf8 21. f4 Bd6 22. Be5 Bc6 23. Rhe1 Rd8 24. Kc1 Be7 25. Bc3 Bd6 26. Bf6 Rd7 27. Bc3 Bb5 28. Nf2 Bc5 29. Rxd5 Rxd5 30. Ne4 Be7 31. b3 Bc6 32. Bf6 Kd8 33. Bxe7+ Kxe7 34. Nc3 Rd4 35. Rd1 Rxd1+ 36. Kxd1 f6 37. Kd2 e5 38. Ke3 Ke6 39. Ne2 Kf5 40. fxe5 fxe5 41. h3 h5 42. c3 Bg2 43. Ng1 a5 44. a3 b6 45. b4 axb4 46. axb4 c5 47. Kf2 Be4 48. bxc5 bxc5 49. Ke3 Bg2 50. Kf2 Bh1 51. Ke3 Ke6 52. Nf3 Kd5 53. g4 hxg4 54. hxg4 Ke6 55. Nd2 Bd5 56. Ne4 c4 57. Nd2 Kf6 58. Ne4+ Kg6 59. Kf3 Kh6 60. Ke3 Be6 61. Kf3 Bd5 62. Ke3 Kg6 63. Kf3 Kf7 64. Ke3 Ke6 65. Nd2 Kf6 66. Ne4+ Kf7 67. Kf3 Kg6 68. Ke3 Kg7 69. Nf2 Kf6 70. Ne4+ 1/2-1/2


[Site "https://www.chess.com"]

[Event "Titled Tuesday Blitz June 28 Late 2022"]
[White "Petersson, Kjell"]
[Black "Silvestre, Christian"]
[WhiteFideId "1705148"]
[BlackFideId "30956269"]
[WhiteElo "2009"]
[BlackElo "2349"]
[Result "0-1"]
[Round "06"]
[TimeControl "180+1"]
[Date "2022.06.29"]
[WhiteClock "0:00:07"]
[BlackClock "0:00:14"]

1. d4 Nf6 2. Bf4 c5 3. d5 d6 4. Nc3 Qb6 5. e4 Qxb2 6. Bd2 Qb6 7. f4 Bg4 8. Nf3 Nbd7 9. h3 Bxf3 10. Qxf3 g6 11. Bc4 Bg7 12. O-O O-O 13. Rab1 Qc7 14. Rfe1 a6 15. a4 Rab8 16. Qg3 Rfe8 17. f5 Ne5 18. Be2 c4 19. fxg6 hxg6 20. h4 b5 21. axb5 axb5 22. Nxb5 Qc5+ 23. Be3 Nxe4 24. Qf4 Qxd5 25. Nc7 Qc6 26. Nxe8 Rxe8 27. Bf3 d5 28. Rb6 Qa8 29. h5 Nxf3+ 30. Qxf3 Qa5 31. Rf1 Rf8 32. hxg6 fxg6 33. Qd1 Rxf1+ 34. Qxf1 d4 35. Rb8+ Kh7 36. Bf4 Qd5 37. Re8 d3 38. cxd3 cxd3 39. Rxe7 Qc5+ 40. Kh1 Qxe7 41. Qe1 d2 42. Qf1 Qh4+ 43. Bh2 Ng3+ 44. Kg1 Nh5 45. Qd1 Qd4+ 46. Kh1 Bh6 47. Bb8 Ng7 48. Bh2 Nf5 49. Bb8 Ne3 0-1


[Site "https://www.chess.com"]

[Event "Titled Tuesday Blitz June 28 Late 2022"]
[White "Popilski, Gil"]
[Black "Gallegos Diaz, Carlos Alberto"]
[WhiteFideId "2809060"]
[BlackFideId "3900886"]
[WhiteElo "2537"]
[BlackElo "2362"]
[Result "1-0"]
[Round "06"]
[TimeControl "180+1"]
[Date "2022.06.29"]
[WhiteClock "0:00:18"]
[BlackClock "0:00:11"]

1. f4 d6 2. Nf3 Nd7 3. e4 e5 4. Bc4 c6 5. O-O exf4 6. d4 d5 7. exd5 Nb6 8. Qe2+ Be7 9. dxc6 Nxc4 10. Qxc4 bxc6 11. Ne5 Be6 12. Qxc6+ Kf8 13. Rxf4 Nf6 14. c4 g5 15. Rf2 Rc8 16. Qf3 Qxd4 17. Bxg5 Qxe5 18. Bxf6 Bxf6 19. Qxf6 Qxf6 20. Rxf6 Rxc4 21. Nc3 Rb4 22. Rf2 Kg7 23. Rd2 Rhb8 24. b3 Rc8 25. Ne2 a5 26. Nd4 Kf6 27. Rf1+ Ke7 28. Nf5+ Bxf5 29. Rxf5 a4 30. bxa4 Rxa4 31. h3 Rca8 32. Re2+ Kf8 33. Rff2 R8a7 34. Kh2 Kg7 35. Rc2 f6 36. Rfd2 Kg6 37. Kg3 h5 38. Kf2 h4 39. Ke2 Re4+ 40. Kd3 Rea4 41. Ke2 Ra3 42. Kd1 Re3 43. Kc1 Rae7 44. Rc4 Re1+ 45. Kc2 Kg5 46. Rg4+ Kf5 47. Rf2+ Ke6 48. Rxh4 Rc7+ 49. Kd2 Ra1 50. Ra4 Rcc1 51. Re2+ Kf5 52. Rf2+ Ke6 53. Ke3 Re1+ 54. Re2 Rf1 55. Rf2 Rae1+ 56. Kf3 Rh1 57. Re4+ Rxe4 58. Kxe4 Ra1 59. Kf4 Rb1 60. g3 Kf7 61. h4 Kg6 62. Rh2 Rb4+ 63. Ke3 Ra4 64. h5+ Kh6 65. Kf3 f5 66. Ke3 Kg5 67. h6 Ra3+ 68. Kd4 Ra8 69. h7 Kg4 70. h8=Q 1-0


[Site "https://www.chess.com"]

[Event "Titled Tuesday Blitz June 28 Late 2022"]
[White "Preotu, Razvan"]
[Black "Bortnyk, Mykola"]
[WhiteFideId "2613280"]
[BlackFideId "14120836"]
[WhiteElo "2407"]
[BlackElo "2582"]
[Result "0-1"]
[Round "06"]
[TimeControl "180+1"]
[Date "2022.06.28"]
[WhiteClock "0:00:33"]
[BlackClock "0:01:24"]

1. e4 e5 2. Nf3 d6 3. d4 exd4 4. Nxd4 Nf6 5. Nc3 Be7 6. Bf4 O-O 7. Qd2 d5 8. O-O-O Bb4 9. Ndb5 c6 10. Qd4 c5 11. Qd3 d4 12. a3 Bxc3 13. Nxc3 Nc6 14. e5 Nh5 15. Qf3 Qh4 16. Bg3 Qg5+ 0-1


[Site "https://www.chess.com"]

[Event "Titled Tuesday Blitz June 28 Late 2022"]
[White "Prieto Aranguren, Alain"]
[Black "Petrovic, Aleksa"]
[WhiteFideId "2268906"]
[BlackFideId "967629"]
[WhiteElo "2224"]
[BlackElo "2117"]
[Result "1/2-1/2"]
[Round "06"]
[TimeControl "180+1"]
[Date "2022.06.29"]
[WhiteClock "0:00:05"]
[BlackClock "0:00:03"]

1. e4 c5 2. d4 cxd4 3. Bd3 Nc6 4. f4 d5 5. e5 Nh6 6. Bd2 Bf5 7. Nf3 e6 8. a4 Qb6 9. Na3 Bxa3 10. Rxa3 Bxd3 11. cxd3 Qxb2 12. Rb3 Qa2 13. Rxb7 O-O 14. O-O Rab8 15. Rc7 Rfc8 16. Rxc8+ Rxc8 17. Qb1 Qxb1 18. Rxb1 Nf5 19. g4 Ne3 20. Nxd4 Nxd4 21. Bxe3 Nc6 22. Rb7 g5 23. fxg5 Nxe5 24. Bxa7 Nxd3 25. Rb8 Rxb8 26. Bxb8 Nb4 27. a5 Kg7 28. Bd6 Na6 29. Be7 h6 30. gxh6+ Kxh6 31. h4 e5 32. Kf2 Kg6 33. Ke3 f5 34. h5+ Kf7 35. Bd6 fxg4 36. Bxe5 Kg8 37. Kf4 Kh7 38. Kxg4 Nc5 39. Bf4 d4 40. Kf3 d3 41. Ke3 d2 42. Kxd2 Nb3+ 43. Kd3 Nxa5 44. Kd4 Nc6+ 45. Kd5 Ne7+ 46. Ke6 Ng6 47. Be3 Nf8+ 48. Kf7 Nd7 49. Bd2 Ne5+ 50. Ke6 Nf3 51. Bf4 Nd4+ 52. Kd5 Ne2 53. Bg5 Ng3 54. h6 Nf5 55. Ke5 Nxh6 1/2-1/2


[Site "https://www.chess.com"]

[Event "Titled Tuesday Blitz June 28 Late 2022"]
[White "Pulpan, Jakub"]
[Black "Abdrlauf, Elham"]
[WhiteFideId "302759"]
[BlackFideId "1533533"]
[WhiteElo "2495"]
[BlackElo "2403"]
[Result "0-1"]
[Round "06"]
[TimeControl "180+1"]
[Date "2022.06.28"]
[WhiteClock "0:00:10"]
[BlackClock "0:00:09"]

1. Nf3 d5 2. b3 Nf6 3. Bb2 e6 4. e3 Be7 5. d4 O-O 6. Nbd2 c5 7. dxc5 Bxc5 8. c4 Nc6 9. Be2 b6 10. O-O Bb7 11. Ne5 Nxe5 12. Bxe5 Qe7 13. Bf3 Rad8 14. Qe2 Ne4 15. cxd5 exd5 16. Bb2 Nxd2 17. Qxd2 d4 18. exd4 Bxf3 19. gxf3 Qf6 20. Qe3 Rfe8 21. Qd3 Bxd4 22. Bxd4 Rxd4 23. Rfe1 Red8 24. Qe2 g6 25. Rad1 Qg5+ 26. Kh1 Rd2 27. Rxd2 Rxd2 28. Qc4 Qf6 29. Kg2 Kg7 30. a4 Qg5+ 31. Qg4 Qf6 32. Qe4 Rb2 33. Re3 h5 34. h4 a5 35. Kg3 Kg8 36. Qe8+ Kg7 37. Qe4 Ra2 38. Qe5 Ra1 39. Qxf6+ Kxf6 40. Rc3 Re1 41. Rc7 Re6 42. Rb7 Kg7 43. Kf4 Rf6+ 44. Kg3 Kf8 45. Rb8+ Ke7 46. Rb7+ Kd8 47. f4 Kc8 48. Re7 Kd8 49. Rb7 Ke8 50. Kf3 Kf8 51. Ke4 Re6+ 52. Kf3 Kg7 53. Kg3 Kf6 54. Kf3 Rc6 55. Kg2 Ke6 56. f3 f6 57. Kg3 Kf5 58. Rb8 Ke6 59. Rb7 f5 60. Rg7 Kd5 61. Re7 Kc5 62. Re5+ Kd6 63. Rb5 Kc7 64. Re5 Rc3 65. Rb5 Kc6 66. Kf2 Rc5 67. Rxc5+ Kxc5 68. Ke3 Kb4 69. Kd4 Kxb3 70. Ke5 Kxa4 71. Kf6 b5 72. Kxg6 b4 73. Kxh5 b3 74. Kg6 b2 75. h5 b1=Q 76. h6 Qg1+ 77. Kf7 Qh2 78. Kg7 Qg2+ 79. Kf6 Qxf3 80. Kxf5 Qh5+ 0-1


[Site "https://www.chess.com"]

[Event "Titled Tuesday Blitz June 28 Late 2022"]
[White "Rasulov, Vugar"]
[Black "Ambartsumova, Karina"]
[WhiteFideId "13402390"]
[BlackFideId "4166299"]
[WhiteElo "2560"]
[BlackElo "2262"]
[Result "1-0"]
[Round "06"]
[TimeControl "180+1"]
[Date "2022.06.28"]
[WhiteClock "0:00:53"]
[BlackClock "0:00:05"]

1. Nf3 Nf6 2. g3 g6 3. Bg2 Bg7 4. O-O O-O 5. c4 d6 6. Nc3 c6 7. d3 e5 8. Rb1 h6 9. b4 Be6 10. b5 Qc8 11. Ba3 Rd8 12. Nd2 Bh3 13. bxc6 bxc6 14. Qb3 Bxg2 15. Kxg2 Na6 16. Qb7 Rd7 17. Qxc8+ Rxc8 18. Rb3 d5 19. Rfb1 Bf8 20. Bxf8 Kxf8 21. Ra3 Nc5 22. Nb3 Ne6 23. Na4 Rb7 24. Rc1 Rd8 25. cxd5 cxd5 26. Nac5 Nxc5 27. Rxc5 Kg7 28. Rca5 Ra8 29. Ra6 Rc7 30. h3 Rc2 31. e3 Rc3 32. Nd2 Rxa3 33. Rxa3 g5 34. Nf3 e4 35. dxe4 dxe4 36. Nd4 h5 37. Ra6 g4 38. hxg4 hxg4 39. a4 Nd5 40. Nf5+ Kg8 41. Nh6+ Kg7 42. Nxg4 Nb4 43. Rd6 a5 44. Nf6 Rc8 45. Nxe4 Rc2 46. Rd7 Ra2 47. Nc5 Nc2 48. e4 Ne1+ 49. Kf1 Nf3 50. Ra7 Rc2 51. Rxa5 Nd2+ 52. Kg2 Nc4 53. Rb5 Nd6 54. Rb6 Nc4 55. Rb7 Ne3+ 56. Kf3 Nd1 57. Nd3 Rd2 58. Rb3 Kf6 59. a5 Ra2 60. Rb6+ Kg7 61. a6 Nc3 62. Nf4 Ra3 63. Nh5+ Kh7 64. Kf4 Ne2+ 65. Kf5 Nd4+ 66. Kf6 Rf3+ 67. Nf4 Ne6 68. a7 Nxf4 69. gxf4 Ra3 70. Rb7 Kg8 71. e5 Ra6+ 72. Ke7 Kg7 73. f5 Kh6 74. Kxf7 Kg5 75. e6 Kxf5 76. e7 Rxa7 77. Rxa7 1-0


[Site "https://www.chess.com"]

[Event "Titled Tuesday Blitz June 28 Late 2022"]
[White "Ricaurte Lopez, Juan Carlos"]
[Black "Mickiewicz, Piotr"]
[WhiteFideId "3600327"]
[BlackFideId "1114891"]
[WhiteElo "2209"]
[BlackElo "2209"]
[Result "0-1"]
[Round "06"]
[TimeControl "180+1"]
[Date "2022.06.29"]
[WhiteClock "0:00:01"]
[BlackClock "0:01:10"]

1. e4 c6 2. d4 d5 3. exd5 cxd5 4. c4 Nf6 5. Nc3 e6 6. Nf3 Nc6 7. Bg5 Be7 8. a3 O-O 9. Rc1 h6 10. Bf4 b6 11. cxd5 Nxd5 12. Nxd5 Qxd5 13. Bd3 Bb7 14. O-O Nxd4 15. Bh7+ Kxh7 16. Qxd4 Qxd4 17. Nxd4 Rac8 18. Nb5 Ba6 19. a4 Bxb5 20. axb5 Bc5 21. Rc2 Rcd8 22. Ra1 Rd7 23. Kf1 Rfd8 24. Ke2 g5 25. Bd2 Bxf2 26. Kxf2 Rxd2+ 27. Rxd2 Rxd2+ 28. Kf3 Rxb2 29. Rxa7 Kg6 30. h4 Rb3+ 31. Kg4 Rb4+ 32. Kg3 gxh4+ 33. Kh3 f6 0-1


[Site "https://www.chess.com"]

[Event "Titled Tuesday Blitz June 28 Late 2022"]
[White "Richter, Nils"]
[Black "Kohler, Aran"]
[WhiteFideId "12990809"]
[BlackFideId "1002856"]
[WhiteElo "2311"]
[BlackElo "2265"]
[Result "0-1"]
[Round "06"]
[TimeControl "180+1"]
[Date "2022.06.29"]
[WhiteClock "0:00:11"]
[BlackClock "0:00:15"]

1. Nf3 d6 2. d4 Bg4 3. Nbd2 e6 4. h3 Bh5 5. g4 Bg6 6. e4 d5 7. e5 c5 8. c3 Nc6 9. Bb5 a6 10. Bxc6+ bxc6 11. Nb3 c4 12. Nbd2 Bd3 13. Nf1 h5 14. g5 Ne7 15. Ne3 Ng6 16. h4 c5 17. Qa4+ Qd7 18. Qxd7+ Kxd7 19. Bd2 cxd4 20. cxd4 Rb8 21. Bc3 Nf4 22. Rg1 Ne2 23. Rh1 Nxc3 24. bxc3 Be4 25. Rh3 Ba3 26. Nd1 Rb7 27. Nd2 Bf5 28. Rf3 Rhb8 29. Ne3 Bb2 30. Rd1 Bxc3 31. Nxf5 Bxd2+ 32. Rxd2 Rb1+ 33. Rd1 exf5 34. Rxf5 Ke6 35. Rf3 Rxd1+ 36. Kxd1 Rb1+ 37. Kc2 Ra1 38. Kb2 Rd1 39. Kc3 a5 40. Rg3 Ra1 41. Kb2 Rf1 42. Rf3 Re1 43. Ka3 Rd1 44. Ka4 Rxd4 45. Kxa5 Rd3 46. Rf4 c3 47. Rb4 c2 48. Rb6+ Kxe5 49. Rc6 Ra3+ 50. Kb4 Rxa2 51. Kb3 c1=Q 52. Rxc1 Rxf2 53. Kc3 Rf4 54. Re1+ Re4 55. Rf1 Ke6 56. Kd3 Rxh4 57. g6 fxg6 58. Rg1 Rg4 59. Re1+ Re4 60. Rg1 Kf5 61. Rf1+ Rf4 62. Re1 d4 63. Re8 Kg4 64. Re6 g5 65. Ke2 h4 66. Rg6 h3 67. Rxg7 Rf5 68. Rd7 Rf4 69. Rh7 Kg3 70. Kd3 g4 71. Ke2 Kg2 72. Rh4 h2 73. Rh5 h1=Q 74. Rxh1 Kxh1 75. Kd3 Rf3+ 76. Kxd4 g3 77. Ke4 Rf2 78. Ke3 Rf8 79. Ke4 g2 80. Ke5 g1=Q 81. Kd5 Qe1 82. Kc4 Rd8 83. Kc5 Qc1+ 84. Kb6 Rb8+ 85. Ka7 Rb2 86. Ka6 Qa1# 0-1


[Site "https://www.chess.com"]

[Event "Titled Tuesday Blitz June 28 Late 2022"]
[White "Riehle, Marco"]
[Black "Maghsoodloo, Parham"]
[WhiteFideId "12904392"]
[BlackFideId "12539929"]
[WhiteElo "2462"]
[BlackElo "2607"]
[Result "0-1"]
[Round "06"]
[TimeControl "180+1"]
[Date "2022.06.28"]
[WhiteClock "0:01:26"]
[BlackClock "0:01:30"]

1. e4 c5 2. a3 b6 3. b4 Bb7 4. Nc3 e6 5. bxc5 bxc5 6. Nf3 Nc6 7. Rb1 Rb8 8. Bc4 Nge7 9. O-O Ng6 10. d4 cxd4 11. Nxd4 Bc5 12. Be3 Bb6 13. Ncb5 O-O 14. Nxc6 Bxc6 15. Nxa7 Bxe3 16. Nxc6 Bxf2+ 17. Kxf2 Qh4+ 18. Kg1 Rxb1 19. Qxb1 dxc6 20. Qe1 Qg5 21. Qf2 Qa5 22. Qg3 Qc5+ 0-1


[Site "https://www.chess.com"]

[Event "Titled Tuesday Blitz June 28 Late 2022"]
[White "Rizzo, Tobias"]
[Black "Premnath, R."]
[WhiteFideId "30942691"]
[BlackFideId "5021928"]
[WhiteElo "2278"]
[BlackElo "2624"]
[Result "1-0"]
[Round "06"]
[TimeControl "180+1"]
[Date "2022.06.29"]
[WhiteClock "0:00:12"]
[BlackClock "0:00:02"]

1. e4 c5 2. Nc3 Nc6 3. Bb5 Nd4 4. Nf3 Nxb5 5. Nxb5 d5 6. exd5 Nf6 7. O-O Nxd5 8. Re1 Bg4 9. c4 Nb6 10. d4 e6 11. Bf4 Rc8 12. Nxa7 cxd4 13. Nxc8 Qxc8 14. Rc1 Bc5 15. a3 Nd7 16. b4 Ba7 17. c5 O-O 18. Qd3 b6 19. c6 Nf6 20. Ne5 Bf5 21. Qxd4 Nd5 22. Bg3 Qa6 23. Nd7 Rc8 24. Bd6 b5 25. Bc5 Qxc6 26. Ne5 Qc7 27. h3 Bxc5 28. Rxc5 Qb8 29. Rec1 Rd8 30. Nc6 Qc7 31. Nxd8 Qd7 32. Nc6 h6 33. Ne5 Qd6 34. Rc6 Qe7 35. Rc8+ Kh7 36. Ng4 f6 37. R8c6 Qd7 38. R6c5 Qd6 39. Rc6 Qd7 40. Ne3 Qf7 41. Nxf5 exf5 42. Rd6 1-0


[Site "https://www.chess.com"]

[Event "Titled Tuesday Blitz June 28 Late 2022"]
[White "Romanchuk, Viktor"]
[Black "Melikhov, Evgeny V."]
[WhiteFideId "14109271"]
[BlackFideId "4122046"]
[WhiteElo "2242"]
[BlackElo "1904"]
[Result "1-0"]
[Round "06"]
[TimeControl "180+1"]
[Date "2022.06.29"]
[WhiteClock "0:00:21"]
[BlackClock "0:00:02"]

1. d4 Nf6 2. c4 e6 3. Nc3 Bb4 4. e3 b6 5. Ne2 Ba6 6. Ng3 O-O 7. Bd3 d5 8. cxd5 Bxd3 9. Qxd3 exd5 10. O-O c5 11. dxc5 bxc5 12. Rd1 Nc6 13. Nxd5 Nxd5 14. Qxd5 Qxd5 15. Rxd5 Rfd8 16. e4 Nd4 17. a3 Nb3 18. Rb1 Ba5 19. Rxd8+ Rxd8 20. Be3 g6 21. f3 Bd2 22. Kf2 Bxe3+ 23. Kxe3 Rd2 24. Ne2 c4 25. h4 h5 26. g4 Kf8 27. gxh5 gxh5 28. Nf4 Rh2 29. Nxh5 Rxh4 30. Nf4 Rh2 31. Ne2 Ke7 32. Rd1 Rh8 33. Rd5 Rb8 34. Nc3 a6 35. Re5+ Kf6 36. Rh5 Nc1 37. Nd5+ Kg7 38. Rh2 Nd3 39. b4 cxb3 40. Kxd3 b2 41. Nc3 b1=Q+ 42. Nxb1 Rxb1 43. Kc3 Rf1 44. Rh3 a5 45. Kb3 Rb1+ 46. Ka4 Ra1 47. Rh5 Kg6 48. Rxa5 Rf1 49. Rf5 f6 50. Kb3 Rb1+ 51. Ka2 Rb8 52. a4 Ra8 53. a5 Kf7 54. Ka3 Ke6 55. Ka4 Rb8 56. a6 Ra8 57. Ka5 1-0


[Site "https://www.chess.com"]

[Event "Titled Tuesday Blitz June 28 Late 2022"]
[White "Romero Ruscalleda, Josep"]
[Black "Donatti, Alvaro"]
[WhiteFideId "2231859"]
[BlackFideId "3000303"]
[WhiteElo "2269"]
[BlackElo "2138"]
[Result "1-0"]
[Round "06"]
[TimeControl "180+1"]
[Date "2022.06.29"]
[WhiteClock "0:00:22"]
[BlackClock "0:00:06"]

1. e4 c5 2. c3 d5 3. exd5 Qxd5 4. d4 Nc6 5. Nf3 Bg4 6. Be2 e6 7. Be3 cxd4 8. cxd4 Nf6 9. Nc3 Bb4 10. O-O Bxc3 11. bxc3 O-O 12. h3 Bh5 13. Qb3 Na5 14. Qa4 Rac8 15. Rac1 Nc4 16. Qb3 b5 17. g4 Bg6 18. Nd2 Nxe3 19. fxe3 Qg5 20. Rf3 Ne4 21. Nxe4 Bxe4 22. Rg3 f5 23. Qxb5 Qh4 24. Qe5 fxg4 25. Qxe6+ Kh8 26. Qxg4 Qxg4 27. Bxg4 Rc6 28. c4 Ra6 29. c5 Rxa2 30. c6 h5 31. Be6 Bxc6 32. Rxc6 Rb8 33. Rc8+ 1-0


[Site "https://www.chess.com"]

[Event "Titled Tuesday Blitz June 28 Late 2022"]
[White "Rostovtsev, Dmitry"]
[Black "Howell, David W L"]
[WhiteFideId "34278320"]
[BlackFideId "410608"]
[WhiteElo "2311"]
[BlackElo "2559"]
[Result "1-0"]
[Round "06"]
[TimeControl "180+1"]
[Date "2022.06.28"]
[WhiteClock "0:00:19"]
[BlackClock "0:00:08"]

1. e4 h6 2. d4 a6 3. Nf3 e6 4. Bd3 g5 5. Nc3 Bg7 6. Ne2 g4 7. Ne5 h5 8. h3 b5 9. hxg4 d6 10. Nf3 hxg4 11. Rxh8 Bxh8 12. Nfg1 c5 13. c3 Nc6 14. Be3 Nf6 15. a4 cxd4 16. cxd4 Nb4 17. axb5 Bb7 18. f3 Qb6 19. bxa6 Nxd3+ 20. Qxd3 Bxa6 21. Qd2 Kd7 22. Nc3 Bg7 23. e5 Nd5 24. Nxd5 exd5 25. Kf2 dxe5 26. dxe5 g3+ 27. Kxg3 Bxe5+ 28. f4 Qg6+ 29. Kf2 Bd6 30. Qxd5 Qc2+ 31. Qd2 Qc6 32. Nf3 f6 33. b4 Bb7 34. Rxa8 Bxa8 35. Bc5 Kc7 36. Qxd6+ Qxd6 37. Bxd6+ Kxd6 38. Ke3 Kd5 39. Nd2 Kc6 40. g4 Kb5 41. Ne4 f5 42. gxf5 Kxb4 43. f6 Bd5 44. Ng5 Kc5 45. f7 Bxf7 46. Nxf7 Kd5 47. Ne5 Ke6 48. Ke4 Kf6 49. f5 Ke7 50. Nf3 Kf6 51. Kf4 Kf7 52. Ke5 Ke7 53. f6+ Kf7 54. Kf5 Kf8 55. Ke6 Ke8 56. f7+ Kf8 57. Ne5 Kg7 58. Ke7 1-0


[Site "https://www.chess.com"]

[Event "Titled Tuesday Blitz June 28 Late 2022"]
[White "Rustemov, Alexander"]
[Black "Cruz, Cristhian"]
[WhiteFideId "4119002"]
[BlackFideId "3801969"]
[WhiteElo "2734"]
[BlackElo "2497"]
[Result "1-0"]
[Round "06"]
[TimeControl "180+1"]
[Date "2022.06.28"]
[WhiteClock "0:00:09"]
[BlackClock "0:00:10"]

1. d4 Nf6 2. c4 e6 3. Nf3 Bb4+ 4. Bd2 a5 5. g3 d6 6. Bg2 Nbd7 7. O-O e5 8. Bc1 exd4 9. Nxd4 O-O 10. Nc2 Bc5 11. Nc3 Re8 12. Be3 h6 13. Bxc5 Nxc5 14. Ne3 a4 15. Rc1 Be6 16. Qd2 Qd7 17. Rfd1 Re7 18. Ned5 Nxd5 19. Nxd5 Bxd5 20. Bxd5 Rae8 21. e3 h5 22. Qd4 Qf5 23. h4 Ne4 24. Bxe4 Rxe4 25. Qd5 Qf3 26. Qxb7 Rxe3 27. Qxf3 Rxf3 28. Kg2 Rf5 29. Rd2 Rc5 30. Rcc2 g6 31. Kf3 Kg7 32. Rd5 Re5 33. Rxc5 Rxc5 34. Ke3 Re5+ 35. Kd4 c5+ 36. Kd3 Kf6 37. Rd2 Ke6 38. Kc3 f6 39. b3 axb3 40. Kxb3 g5 41. a4 gxh4 42. gxh4 Re4 43. a5 Kd7 44. a6 Kc6 45. Ra2 Re8 46. Kc3 Ra8 47. Kd3 d5 48. cxd5+ Kxd5 49. a7 f5 50. f4 Kc6 51. Kc4 Kb6 52. Ra1 Kc6 53. Ra6+ Kb7 54. Ra5 Kb6 55. Rb5+ Ka6 56. Rxc5 Rxa7 57. Rxf5 Rh7 58. Kd5 Kb5 59. Rg5 1-0


[Site "https://www.chess.com"]

[Event "Titled Tuesday Blitz June 28 Late 2022"]
[White "Sailer, Mike"]
[Black "Novikova, Galina"]
[WhiteFideId "2012901"]
[BlackFideId "4157095"]
[WhiteElo "2109"]
[BlackElo "1863"]
[Result "0-1"]
[Round "06"]
[TimeControl "180+1"]
[Date "2022.06.29"]
[WhiteClock "0:00:29"]
[BlackClock "0:02:20"]

1. d4 Nf6 2. Nf3 d5 3. Bf4 Bf5 4. e3 e6 5. Be2 c5 6. Nc3 Nc6 7. Ne5 Be7 8. Nxc6 bxc6 9. O-O O-O 10. h3 cxd4 11. exd4 c5 12. dxc5 Bxc5 13. Bd3 Bxd3 14. Qxd3 Bd6 15. Bxd6 Qxd6 16. f4 Rac8 17. Rae1 Qb6+ 18. Kh1 Qxb2 0-1


[Site "https://www.chess.com"]